 Dungeon Crawl Stone Soup version 0.22.1-1-ga44c0e5 (webtiles) character file.

3049 dvd the Arsonist (level 9, -3/55 HPs)
             Began as an Octopode Fire Elementalist on Nov 6, 2018.
             Was a Believer of Vehumet.
             Slain by a wolf (8 damage)
             ... led by Grum
             ... on level 7 of the Dungeon.
             The game lasted 00:26:25 (10032 turns).

dvd the Arsonist (Octopode Fire Elementalist)      Turns: 10032, Time: 00:26:29

Health: -3/55      AC:  1    Str:  7    XL:     9   Next: 87%
Magic:  12/17      EV: 14    Int: 23    God:    Vehumet [**....]
Gold:   419        SH:  3    Dex: 13    Spells: 4/19 levels left

rFire    . . .     SeeInvis .   h - +3 scimitar (freeze)
rCold    + . .     Gourm    .   p - +0 buckler
rNeg     . . .     Faith    .   (helmet restricted)
rPois    .         Spirit   .   (no amulet)
rElec    .         Reflect  .   l - ring of protection from cold
rCorr    +         Harm     .   j - ring of resist corrosion
MR       .....                  A - +3 ring of intelligence
Stlth    ++++......             (no ring)
HPRegen  0.18/turn              (no ring)
MPRegen  0.15/turn              (no ring)
                                (no ring)
                                (no ring)

@: lethally poisoned (-3 -> -8), flying
A: almost no armour, stealthy swim, amphibious, 8 rings, constrict 8, camouflage
1, gelatinous body 1
a: Renounce Religion


You were on level 7 of the Dungeon.
You worshipped Vehumet.
Vehumet was pleased with you.
You were not hungry.

You visited 2 branches of the dungeon, and saw 9 of its levels.
You also visited: Sewer and Ossuary.

You collected 419 gold pieces.

Inventory:

Hand Weapons
 h - a +3 scimitar of freezing (weapon)
 u - a +0 dagger of freezing
 y - a +2 hand axe of venom
 z - a +4 long sword
 E - a +0 whip of freezing
Armour
 p - a +0 buckler (worn)
Magical Staves
 w - an uncursed staff of death
Jewellery
 j - a ring of resist corrosion (right tentacle)
 l - a ring of protection from cold (left tentacle)
 A - a +3 ring of intelligence (on tentacle)
Wands
 a - a wand of iceblast (9)
 v - a wand of digging (19)
Scrolls
 g - 3 scrolls of remove curse
 n - 6 scrolls of identify
 o - a scroll of holy word {unknown}
 q - 4 scrolls of teleportation
 s - a scroll of enchant armour
 C - a scroll of magic mapping {unknown}
Potions
 c - 2 potions of cancellation {unknown}
 d - 4 potions of curing {unknown}
 e - 5 potions of flight
 f - 2 potions of berserk rage
 i - a potion of brilliance {unknown}
 k - 2 potions of agility {unknown}
 m - 2 potions of lignification
 r - 3 potions of heal wounds {unknown}
 t - 2 potions of magic {unknown}
 x - 3 potions of resistance {unknown}
 B - a potion of degeneration {unknown}
 D - a potion of haste {unknown}
Comestibles
 b - 16 rations


   Skills:
 + Level 2.3 Fighting
 + Level 1.3(2.3) Short Blades
 + Level 2.8(3.0) Long Blades
 + Level 1.9(2.0) Axes
   Level 0.2(1.1) Polearms
 + Level 3.8 Dodging
 + Level 5.4 Stealth
 * Level 0.3 Shields
 + Level 5.8 Spellcasting
 + Level 5.2 Conjurations
 + Level 0.7 Hexes
 * Level 8.6 Fire Magic


You had 4 spell levels left.
You knew the following spells:

 Your Spells              Type           Power        Failure   Level  Hunger
a - Flame Tongue          Conj/Fire      #####        1%          1    None
b - Throw Flame           Conj/Fire      #####.       1%          2    None
c - Sticky Flame          Conj/Fire      #####...     8%          4    ###....
d - Dazzling Spray        Conj/Hex       ###...       12%         3    #......
e - Fireball              Conj/Fire      #####.....   22%         5    #####..

Your spell library contained the following spells:

 Spells                   Type           Power        Failure   Level  Hunger
 Sting                    Conj/Pois      ###.         4%          1    None
 Conjure Flame            Conj/Fire      #####...     2%          3    #......
 Inner Flame              Hex/Fire       ####....     6%          3    #......
 Corona                   Hex            ##.....      11%         1    None
 Ensorcelled Hibernation  Hex/Ice        #.....       19%         2    None
 Confuse                  Hex            ##......     30%         3    #......
 Tukima's Dance           Hex            ##......     30%         3    #......


Dungeon Overview and Level Annotations

Branches:
Dungeon (8/15)             Temple (1/1) D:5
   Lair: D:8-11

Altars:
Cheibriados
Dithmenos
Elyvilon
Kikubaaqudgha
Nemelex Xobeh
Okawaru
Qazlal
Ru
Sif Muna
Trog
Vehumet
Wu Jian
Xom
Yredelemnul
The Shining One

Shops:
D:5 [


Innate Abilities, Weirdness & Mutations

You cannot wear most types of armour.
You are very stealthy in the water. (Stealth+)
You are amphibious.
You can wear up to eight rings at the same time.
You can use your tentacles to constrict eight enemies at once.
Your skin changes colour to match your surroundings (Stealth+).
Your rubbery body absorbs attacks. (AC +1, EV +1)


Message History

The wolf is covered in liquid flames!
You feel sick.
The wolf burns!
The wolf misses you. The wolf bites you! x2
You feel sick.
The wolf burns!
The wolf closely misses you. The wolf barely misses you.
You climb upwards.
You feel sick.
There is a stone staircase leading down here.
Unknown command.
The wolf burns!
The wolf bites you!
* * * LOW HITPOINT WARNING * * *
The wolf closely misses you.
* * * LOW HITPOINT WARNING * * *
You feel sick.
The wolf burns!
The wolf stops burning.
It was a potion of flight.
You feel very buoyant.
You fly up into the air.
* * * LOW HITPOINT WARNING * * *
You feel sick. The wolf bites you.
* * * LOW HITPOINT WARNING * * *
The wolf bites you!
You die...

#.###.#.###.......##.#.#
#.###.#.# ###.#...##.#.#
......#.# #.##..##.#.#
..#####.# #.##..##.#.#
..# #...# #.###.#....#
..# #.#######.###..#####
..# #........<...†>#
.####'#.#####.###h######
.# #......# #.#.@h.....#
.# #...##.# #.#..#####.#
## #......###.#..#...#.#
#...p.........#...'.#
#....#####.##.#...#.#
####....# #.##.#####.#
..##....# #)##.......#
####....# #.##########
#.......# #.#


You could see 2 wolves.

Vanquished Creatures
  Pikel (D:7)
  Duvessa (D:5)
  An ice beast (D:6)
  2 centaurs (D:6)
  2 ogres (D:5)
  A big kobold (Sewer)
  An elf zombie (Ossuary)
  2 bullfrogs (D:6)
  Dowan (D:5)
  A scorpion (D:8)
  A killer bee (D:7)
  3 jellies
  2 vampire bats (D:4)
  10 wights
  2 bullfrog zombies (D:5)
  3 crimson imps (D:5)
  3 centaur zombies
  4 hounds
  A centaur skeleton (D:5)
  Jessica (D:3)
  2 iguanas
  4 worker ants
  Natasha (D:2)
  3 orc wizards
  3 big kobold zombies (Ossuary)
  2 hound zombies
  A hound skeleton (D:5)
  3 mummies (Ossuary)
  A worker ant zombie (D:5)
  3 gnolls (D:6)
  An adder (D:6)
  A howler monkey skeleton (D:5)
  A river rat (Sewer)
  A shadow imp (D:6)
  3 oozes
  An adder skeleton (D:7)
  3 adder zombies (Ossuary)
  3 worms
  A dart slug (D:2)
  5 leopard geckos
  10 orcs
  3 bat skeletons (D:4)
  3 bat zombies (D:4)
  6 giant cockroaches
  2 gnoll zombies (Ossuary)
  4 goblins (D:1)
  7 hobgoblins
  6 jackals
  13 kobolds
  3 quokkas
  A ball python skeleton (D:5)
  8 bats
  2 frilled lizards
  5 goblin zombies (Ossuary)
  4 hobgoblin zombies (Ossuary)
  7 kobold zombies (Ossuary)
  3 orc zombies (Ossuary)
  3 quokka zombies (Ossuary)
  9 rats
  3 rat zombies (Ossuary)
188 creatures vanquished.

Vanquished Creatures (others)
  A plant (D:1)
1 creature vanquished.

Grand Total: 189 creatures vanquished

Notes
Turn   | Place    | Note
-------+----------+-------------------------------------------
     0 | D:1      | dvd the Octopode Fire Elementalist began the quest for the
                  | Orb.
     0 | D:1      | Reached XP level 1. HP: 11/11 MP: 3/3
   235 | D:1      | Reached XP level 2. HP: 17/17 MP: 1/5
   239 | D:1      | Learned a level 2 spell: Throw Flame
   637 | D:1      | Reached XP level 3. HP: 21/21 MP: 4/6
  1697 | D:2      | Noticed Natasha
  1701 | D:2      | Killed Natasha
  1701 | D:2      | Reached XP level 4. HP: 27/27 MP: 4/7
  2512 | D:3      | Found a glowing drain.
  2517 | Sewer    | Entered a sewer
  2758 | Sewer    | Noticed a big kobold
  2770 | Sewer    | Reached skill level 4 in Fire Magic
  2782 | Sewer    | Killed a big kobold
  2782 | Sewer    | Reached XP level 5. HP: 31/31 MP: 2/9
  2871 | Sewer    | Found a white marble altar of Elyvilon.
  3161 | D:3      | Learned a level 4 spell: Sticky Flame
  3360 | D:3      | Noticed Jessica
  3369 | D:3      | Killed Jessica
  3829 | D:4      | Found a shimmering altar of Xom.
  3836 | D:4      | Reached XP level 6. HP: 19/36 MP: 5/10
  4055 | D:4      | Found an ancient bone altar of Kikubaaqudgha.
  4193 | D:4      | Reached skill level 5 in Fire Magic
  4530 | D:5      | Entered Level 5 of the Dungeon
  4542 | D:5      | Noticed Duvessa
  4617 | D:4      | Learned a level 3 spell: Dazzling Spray
  4633 | D:5      | Noticed Dowan
  4728 | D:5      | Reached XP level 7. HP: 42/42 MP: 7/12
  5066 | D:5      | Found a staircase to the Ecumenical Temple.
  5076 | Temple   | Entered the Ecumenical Temple
  5098 | Temple   | Became a worshipper of Vehumet
  5217 | D:5      | Found Ytuitta's Armour Emporium.
  5239 | D:5      | Found an iron altar of Okawaru.
  5545 | D:5      | HP: 1/42 [Duvessa/short sword (7)]
  5547 | D:5      | Killed Duvessa
  5547 | D:5      | Reached skill level 1 in Axes
  5547 | D:5      | Reached skill level 6 in Fire Magic
  5864 | D:5      | Killed Dowan
  5895 | D:5      | Reached XP level 8. HP: 20/47 MP: 5/14
  5916 | D:5      | Reached skill level 1 in Fighting
  6859 | D:6      | Reached skill level 1 in Short Blades
  6939 | D:6      | Learned a level 5 spell: Fireball
  6947 | D:6      | Reached skill level 7 in Fire Magic
  7249 | D:6      | Reached skill level 5 in Stealth
  7568 | D:6      | Reached XP level 9. HP: 34/54 MP: 5/16
  7872 | D:6      | Reached skill level 5 in Spellcasting
  7899 | D:5      | Reached * piety under Vehumet
  7899 | D:5      | Offered knowledge of Magic Dart by Vehumet.
  8671 | D:7      | Found a shadowy altar of Dithmenos.
  8672 | D:7      | Found a sacrificial altar of Ru.
  8793 | D:7      | Found a sand-covered staircase.
  8799 | Ossuary  | Entered an ossuary
  8909 | Ossuary  | Reached skill level 8 in Fire Magic
  9170 | Ossuary  | Reached ** piety under Vehumet
  9170 | Ossuary  | Offered knowledge of Sting by Vehumet.
  9248 | Ossuary  | Reached skill level 1 in Long Blades
  9542 | D:7      | Reached skill level 5 in Conjurations
  9774 | D:7      | Noticed Pikel
  9783 | D:7      | Killed Pikel
 10032 | D:7      | Slain by a wolf

Skill      XL: |  1  2  3  4  5  6  7  8  9 |
---------------+----------------------------+-----
Stealth        | 3 4 5 |  5.4
Fire Magic     | 4 5 6 7 8 |  8.6
Conjurations   | 2 3 4 5 |  5.2
Spellcasting   | 3 4 5 |  5.8
Axes           | 1 |  1.9
Fighting       | 1 2 |  2.3
Dodging        | 3 |  3.8
Short Blades   | 1 |  1.3
Long Blades    | 2 |  2.8
Polearms       | |  0.2
Shields        | |  0.3
Hexes          | |  0.7

Action                   |  1- 3 |  4- 6 |  7- 9 || total
-------------------------+-------+-------+-------++-------
Melee: Unarmed           |     4 |       |       ||     4
       Tentacles         |     6 |     2 |    26 ||    34
       Whip              |    15 |       |       ||    15
       Constrict         |     5 |     6 |    34 ||    45
       Spear             |       |     4 |       ||     4
       Hand axe          |       |    18 |    22 ||    40
       Dagger            |       |       |    41 ||    41
       Scimitar          |       |       |    46 ||    46
       Long sword        |       |       |     2 ||     2
 Cast: Flame Tongue      |    57 |    80 |   174 ||   311
       Throw Flame       |     1 |     7 |    35 ||    43
       Dazzling Spray    |       |     1 |     5 ||     6
       Sticky Flame      |       |       |    24 ||    24
  Use: Scroll            |     3 |     1 |     4 ||     8
       Potion            |       |       |     3 ||     3
 Stab: Invisible         |       |       |     1 ||     1
       Sleeping          |       |       |     3 ||     3
       Distracted        |       |       |     1 ||     1
  Eat: Chunk             |     3 |     9 |    15 ||    27
       Ration            |       |       |     2 ||     2
Armor: Skin              |     3 |    12 |    11 ||    26
Dodge: Dodged            |    26 |    68 |   102 ||   196
Block: Buckler           |       |       |     2 ||     2
       Rpst.: Scimitar   |       |       |     8 ||     8
